 Dungeon Crawl Stone Soup version 0.28-a0-697-g47f3eba078 (webtiles) character file.

Game seed: 18272972050985759020

3090 ytrimaz the Blocker (level 10, -20/80 HPs)
             Began as a Formicid Fighter on Oct 23, 2021.
             Was an Initiate of Okawaru.
             Demolished by a very large slime creature (37 damage)
             ... on level 7 of the Dungeon.
             The game lasted 00:14:00 (8105 turns).

ytrimaz the Blocker (Formicid Fighter)              Turns: 8105, Time: 00:14:01

Health: -20/80     AC: 11    Str: 24    XL:     10   Next: 13%
Magic:  10/10      EV: 11    Int:  8    God:    Okawaru [......]
Gold:   467        SH:  5    Dex: 10    Spells: 9/9 levels left

rFire   . . .      SeeInvis +   d - +4 falchion (freeze)
rCold   + . .      Faith    .   c - +0 buckler
rNeg    . . .      Spirit   .   e - +0 acid dragon scales
rPois   .          Reflect  .   (helmet unavailable)
rElec   +          Harm     .   h - +0 cloak
rCorr   +          Rampage  .   f - +1 pair of gloves
Will    +....                   (no boots)
Stlth   +.........              p - amulet of the acrobat
HPRegen 0.23/turn               r - ring of resist corrosion
MPRegen 0.12/turn               n - ring of Gaifyoq {rElec rC+ Slay+3}

@: studying Fighting
A: permanent stasis, dig shafts and tunnels, antennae 3, four strong arms
a: Dig, Shaft Self, Renounce Religion


You were on level 7 of the Dungeon.
You worshipped Okawaru.
Okawaru was noncommittal.
You visited 2 branches of the dungeon, and saw 8 of its levels.

You collected 467 gold pieces.

Inventory:

Hand Weapons
 d - a +4 falchion of freezing (weapon)
 j - a +1 great sword
 l - a +1 short sword of venom
 q - a +2 long sword
Armour
 c - a +0 buckler (worn)
 e - +0 acid dragon scales (worn)
 f - a +1 pair of gloves (worn)
 h - a +0 cloak (worn)
Jewellery
 n - the ring of Gaifyoq (right hand) {rElec rC+ Slay+3}
   (You found it on level 4 of the Dungeon)

   [ring of protection from cold]

   Slay:      It affects your accuracy & damage with ranged weapons and melee
   (+3).
   rC:        It protects you from cold.
   rElec:     It insulates you from electricity.
 o - an amulet of faith
 p - an amulet of the acrobat (around neck)
 r - a ring of resist corrosion (left hand)
Wands
 i - a wand of digging (5)
Scrolls
 a - 3 scrolls of identify
 k - a scroll of amnesia
 m - a scroll of fear
Potions
 b - a potion of curing
 g - a potion of lignification


   Skills:
 + Level 8.0 Fighting
 - Level 4.2(6.6) Short Blades
 * Level 8.0(8.5) Long Blades
 - Level 3.0 Axes
 + Level 6.6 Armour
 * Level 8.1 Shields


You had 9 spell levels left.
You didn't know any spells.
Your spell library contained the following spells:

 Spells                   Type           Power      Damage    Failure   Level
 Beastly Appendage        Tmut           0%         N/A       45%         1
 Scorch                   Fire           0%         2d5       61%         2
 Wereblood                Tmut           0%         N/A       61%         2
 Gell's Gravitas          Tloc           0%         N/A       83%         3
 Inner Flame              Hex/Fire       0%         N/A       83%         3
 Spider Form              Tmut/Pois      0%         N/A       83%         3
 Teleport Other           Tloc           0%         N/A       83%         3
 Cause Fear               Hex            0%         N/A       99%         4
 Flame Wave               Conj/Fire      0%         3d3       99%         4
 Freezing Cloud           Conj/Ice/Air   0%         6-21      100%        5
 Dispersal                Tloc           0%         N/A       100%        6
 Discord                  Hex            0%         N/A       100%        8
 Polar Vortex             Ice            0%         N/A       100%        9
 Simulacrum               Ice/Necr       Unusable   N/A       N/A         6
 Summon Cactus Giant      Summ           Unusable   N/A       N/A         6

Dungeon Overview and Level Annotations

Branches:
Dungeon (7/15)             Temple (1/1) D:6

Altars:
Ashenzari
Elyvilon
Fedhas
Hepliaklqana
Kikubaaqudgha
Nemelex Xobeh
Okawaru
Ru
Sif Muna
Trog
Uskayaw
Wu Jian
Xom
Yredelemnul
Zin
The Shining One

Shops:
D:7 =

Portals:
Ossuary: D:7

Annotations:
D:5 1 runed translucent door, Crazy Yiuf


Innate Abilities, Weirdness & Mutations

You cannot be hasted, slowed, berserked, paralysed or teleported.
You can dig through walls and to a lower floor.
You have a pair of large antennae on your head. (SInv)
Your four strong arms can wield two-handed weapons with a shield.


Message History

You slash the slime creature! You freeze the slime creature.
The slime creature is lightly wounded.
The slime creature hits you but does no damage.
You slash the slime creature! You freeze the slime creature.
The slime creature is moderately wounded.
The slime creature hits you.
Two slime creatures merge to form a large slime creature.
You slash the slime creature! You freeze the slime creature!
The slime creature is severely wounded.
The slime creature closely misses you.
You slash the large slime creature! You freeze the large slime creature.
The large slime creature is moderately wounded.
The slime creature hits you but does no damage. x2
You hit the large slime creature but do no damage.
The large slime creature is moderately wounded.
The slime creature barely misses you. The slime creature hits you!
You block the large slime creature's attack.
Your acid dragon scales prevents you from hitting the slime creature.
The slime creature is severely wounded.
The slime creature hits you. You block the slime creature's attack.
You block the large slime creature's attack.
You slash the slime creature! You freeze the slime creature.
The slime creature is almost dead.
You block the slime creature's attack. The slime creature closely misses you.
The large slime creature hits you!!
* * * LOW HITPOINT WARNING * * *
The slime creature hits you but does no damage.
Two slime creatures merge to form a very large slime creature.
The slime creature completely misses you.
There is a stone staircase leading up here.
The slime creature hits you!
* * * LOW HITPOINT WARNING * * *
You climb upwards.
There is a stone staircase leading down here.
The slime creature barely misses you.
You climb downwards.
You hear the hiss of flowing sand.
There is an entrance to an ossuary on this level.
Hurry and find it before the portal is buried!
The very large slime creature hits you!!!
You die...

..........####........
.....#................
...###................
#..#.................
##...................
#..#.................
##........###.........
##..........###........
#....J@.....####.......
#....##J#..............
##.....8...8.##........
##..#.................
###8.>.∩.<.8.........
##.....((..........
#.8...8)(..[......
##..#..........##.
####.............


You could see a very large slime creature and a slime creature.

Vanquished Creatures
  Pikel (D:5)
  Prince Ribbit (D:5)
  Grinder (D:5)
  A slime creature (D:6)
  A steam dragon (D:6)
  A water moccasin (D:4)
  A sky beast (D:5)
  A hornet zombie (D:6)
  An orc warrior (D:6)
  A necrophage (D:4)
  A kobold brigand (D:7)
  5 scorpions
  A wyvern zombie (D:5)
  A water moccasin skeleton (D:5)
  10 wights
  A centaur zombie (D:6)
  A jelly (D:4)
  4 hounds
  A bullfrog skeleton (D:6)
  2 centaur skeletons
  2 iguanas
  2 orc wizards (D:6)
  A killer bee zombie (D:6)
  A hound skeleton (D:5)
  3 gnolls (D:6)
  6 adders
  2 white imps (D:6)
  An ufetubus (D:5)
  An adder skeleton (D:5)
  3 worms
  7 orcs
  7 ball pythons
  9 endoplasms
  8 giant cockroaches
  5 hobgoblins
  9 jackals
  4 quokkas
  4 bats (D:1)
  3 frilled lizards
  8 goblins
  9 kobolds
  A quokka skeleton (D:4)
  10 rats
143 creatures vanquished.

Notes
Turn   | Place    | Note
-------+----------+-------------------------------------------
     0 | D:1      | ytrimaz the Formicid Fighter began the quest for the Orb.
     0 | D:1      | Reached XP level 1. HP: 18/18 MP: 1/1
    94 | D:1      | Reached XP level 2. HP: 22/24 MP: 2/2
   498 | D:1      | Reached XP level 3. HP: 29/29 MP: 3/3
  1313 | D:2      | Reached XP level 4. HP: 24/37 MP: 4/4
  1606 | D:3      | Found a faded altar of an unknown god.
  2091 | D:3      | Reached XP level 5. HP: 39/42 MP: 5/5
  2248 | D:3      | Noticed a moth of wrath
  2251 | D:3      | Found a bloodstained altar of Trog.
  2802 | D:4      | Reached skill level 1 in Short Blades
  2878 | D:4      | Noticed a water moccasin
  2899 | D:4      | Killed a water moccasin
  2900 | D:4      | Reached skill level 5 in Shields
  2900 | D:4      | Reached XP level 6. HP: 35/48 MP: 6/6
  3027 | D:4      | Found a blossoming altar of Fedhas.
  3162 | D:4      | Found a sparkling altar of Nemelex Xobeh.
  3162 | D:4      | Noticed a necrophage
  3176 | D:4      | Killed a necrophage
  3259 | D:4      | Reached XP level 7. HP: 27/52 MP: 7/7
  3443 | D:4      | Found a shimmering altar of Xom.
  3467 | D:5      | Entered Level 5 of the Dungeon
  3731 | D:4      | Found a broken altar of Ashenzari.
  3811 | D:4      | Identified a scroll of acquirement
  3811 | D:4      | Acquired a manual of Fighting
  4148 | D:4      | Reached skill level 1 in Long Blades
  4153 | D:4      | Reached skill level 5 in Armour
  4153 | D:4      | Reached XP level 8. HP: 56/61 MP: 8/8
  4197 | D:4      | Identified the ring of Gaifyoq {rElec rC+ Slay+3}
  4365 | D:5      | Reached skill level 5 in Fighting
  4656 | D:5      | Noticed Pikel
  4680 | D:5      | HP: 3/62 [Pikel (2)]
  4680 | D:5      | HP: 1/62 [lemure[Pikel] (2)]
  4686 | D:5      | Killed Pikel
  4687 | D:5      | Reached XP level 9. HP: 31/69 MP: 9/9
  4990 | D:5      | Noticed Grinder
  5002 | D:5      | Killed Grinder
  5003 | D:5      | Reached skill level 5 in Long Blades
  5200 | D:5      | Noticed Prince Ribbit
  5228 | D:5      | Killed Prince Ribbit
  5538 | D:5      | Found a runed translucent door.
  5596 | D:5      | Noticed Crazy Yiuf
  6574 | D:6      | Found a staircase to the Ecumenical Temple.
  6602 | Temple   | Entered the Ecumenical Temple
  6855 | Temple   | Became a worshipper of Warmaster Okawaru
  6922 | D:6      | Reached XP level 10. HP: 78/80 MP: 10/10
  7710 | D:7      | Found Rioguaga's Jewellery Shoppe.
  7807 | D:7      | Found a sand-covered staircase.
  8105 | D:7      | Demolished by a very large slime creature

Illustrated notes

Levels and vault maps discovered:
D:1:      eino_arrival_druids_welcome, layout_basic, minmay_octomino_c4
D:2:      layout_loops_ring
D:3:      layout_basic, tgw_trog, hellmonk_ecumenical_altar_slurped_away
D:4:      layout_loops_corners, mainiacjoe_overflow_tiny_flanked,
          fedhas_altar_2, lemuel_round_altar, lemuel_crystal_altar
D:5:      layout_cave_pools, uniq_crazy_yiuf_cottage, uniq_grinder, uniq_pikel,
          uniq_prince_ribbit1
D:6:      layout_basic, minmay_temple_entry_large_hall,
          minmay_misc_feat_more_columns, nicolae_lava_and_water
D:7:      minmay_cornered_nines, layout_cave_pools,
          nicolae_ossuary_entry_false_entrances, serial_shops,
          nicolae_stop_n_shop_2, nicolae_benzene_ring
Temple:   minmay_temple_curvy_loop

Skill      XL: |  1  2  3  4  5  6  7  8  9 10 |
---------------+-------------------------------+-----
Shields        | 4 5 6 7 8 |  8.1
Armour         | 4 5 6 |  6.6
Axes           | 3 |  3.0
Fighting       | 4 6 7 8 |  8.0
Short Blades   | 2 3 4 |  4.2
Long Blades    | 1 4 7 8 |  8.0

Action                   |  1- 3 |  4- 6 |  7- 9 | 10-12 || total
-------------------------+-------+-------+-------+-------++-------
Melee: War axe           |    96 |    34 |       |       ||   130
       Short sword       |       |   117 |    61 |       ||   178
       Falchion          |       |       |   188 |    39 ||   227
 Abil: Dig               |       |       |     2 |       ||     2
  Use: Scroll            |     3 |     3 |     5 |     1 ||    12
       Potion            |       |       |     7 |       ||     7
Armor: Scale mail        |    39 |       |       |       ||    39
       Acid dragon scale |    25 |    67 |   110 |    17 ||   219
       Skin              |       |       |    22 |       ||    22
Dodge: Dodged            |    65 |    81 |   176 |    25 ||   347
Block: Buckler           |    33 |    28 |    59 |    11 ||   131

Table legend: (Time is in decaauts)
 A = Elapsed time spent in this place.
 B = Non-inter-level travel time spent in this place.
 C = Inter-level travel time spent in this place.
 D = Time resting spent in this place.
 E = Time spent auto-exploring this place.
 F = Levels seen in this place.
 G = Mean time per level.
                   A        B        C        D        E       F      G
               +--------+--------+--------+--------+--------+-----+--------+
         Total |   8153 |   7704 |    449 |   1593 |   4354 |   8 | 1019.1 |
       Dungeon |   7876 |   7488 |    388 |   1593 |   4145 |   7 | 1125.1 |
        Temple |    276 |    215 |     61 |      0 |    209 |   1 |  276.0 |
               +--------+--------+--------+--------+--------+-----+--------+

Top non-repeatable levels by time:
     D:6: 1867 daAuts
     D:4: 1587 daAuts
     D:5: 1397 daAuts
     D:3: 1198 daAuts
     D:2: 858 daAuts
     D:1: 781 daAuts
  Temple: 276 daAuts
     D:7: 185 daAuts
